Pick #1

Connor Bedard
Pick #2

Leo Carlsson
Pick #3

Adam Fantilli
Pick #4

Matvei Michkov
Pick #5

David Reinbacher
Pick #6

William Smith
Pick #7

Zachary Benson
Pick #8

Ryan Leonard
Pick #9

Gabriel Perreault
Pick #10

Axel Sandin-Pellika
Pick #11

Daniil But
Pick #12

Dalibor Dvorsky
Pick #13

Quentin Musty
Pick #14

Brayden Yager
Pick #15

Dmitry Simashev
Pick #16

Colby Barlow
Pick #17

Andrew Cristall
Pick #18

Easton Cowan
Pick #19

Jacob Fowler
Pick #20

Oliver Moore
Pick #21

Oliver Bonk
Pick #22

Tom Willander
Pick #23

Calum Ritchie
Pick #24

Tanner Molendyk
Pick #25

Gavin Brindley
Pick #26

Nate Danielson
Pick #27

Pick #28

Pick #29

Pick #30

Pick #31

Pick #32

Pick #33

Pick #34

Pick #35

Pick #36

Pick #37

Pick #38

Pick #39

Pick #40

Pick #41

Pick #42

Pick #43

Pick #44

Pick #45

Pick #46

Pick #47

Pick #48

Pick #49

Pick #50

Pick #51

Pick #52

Pick #53

Pick #54

Pick #55

Pick #56

Pick #57

Pick #58

Pick #59

Pick #60

Pick #61

Pick #62

Pick #63

Pick #64

Pick #65

Pick #66

Pick #67

Pick #68

Pick #69

Pick #70

Pick #71

Pick #72

Pick #73

Pick #74

Pick #75

Pick #76

Pick #77

Pick #78

Pick #79

Pick #80

Pick #81

Pick #82

Pick #83

Pick #84

Pick #85

Pick #86

Pick #87

Pick #88

Pick #89

Pick #90

Pick #91

Pick #92

Pick #93

Pick #94

Pick #95

Pick #96

Pick #97

Pick #98

Pick #99

Pick #100

Pick #101

Pick #102

Pick #103

Pick #104

Pick #105

Pick #106

Pick #107

Pick #108

Pick #109

Pick #110

Pick #111

Pick #112

Pick #113

Pick #114

Pick #115

Pick #116

Pick #117

Pick #118

Pick #119

Pick #120

Pick #121

Pick #122

Pick #123

Pick #124

Pick #125

Pick #126

Pick #127

Pick #128

Pick #129

Pick #130

Full Scoreboard »»

Devils vs Penguins

Created - October 11, 2023 at 00:28

Goals
1 2 3 T
Devils 1 1 0 2
Penguins 0 1 5 6
Shots
1 2 3 T
Devils 8 9 7 24
Penguins 7 8 17 32

GoalsPenalties
1st period
1. Devils , Travis Konecny 1 (Mikhail Sergachev 1, Dougie Hamilton 1) at 2:48
Dylan Larkin (PIT) for Interference (Minor) at 0:48
Mikhail Sergachev (NJD) for High sticking (Minor) at 10:20
Mikhail Sergachev (NJD) for Tripping (Minor) at 17:20
2nd period
2. Penguins , Dylan Larkin 1 (Kevin Fiala 1, MacKenzie Weegar 1) at 6:59
3. Devils , Nino Niederreiter 1 (Evgeni Malkin 1, Matt Boldy 1) at 10:18
Mikhail Sergachev (NJD) for Hooking (Minor) at 0:07
Mikhail Sergachev (NJD) for Slashing (Minor) at 11:55
Josh Anderson (PIT) for Holding (Minor) at 18:05
3rd period
4. Penguins , Mathew Dumba 1 (Kevin Fiala 2, Dylan Larkin 1) at 1:15
5. Penguins , Jacob Trouba 1 (Dylan Larkin 2) at 3:19 (PP)
6. Penguins , Jesper Bratt 1 (Justin Faulk 1) at 11:45
7. Penguins , Logan O'Connor 1 (Ryan Poehling 1) at 15:06
8. Penguins , Josh Anderson 1 (Jeff Petry 1, Dylan Larkin 3) at 16:55
Mikhail Sergachev (NJD) for Hooking (Minor) at 1:40
Goalie Stats
Andrei Vasilevskiy (NJD), 26 saves from 32 shots - (0.813), L, 0-1-0, 60:00 minutes
Connor Hellebuyck (PIT), 22 saves from 24 shots - (0.917), W, 1-0-0, 60:00 minutes
3 StarsOfficial
1 - Dylan Larkin (PIT)
2 - Josh Anderson (PIT)
3 - Jacob Trouba (PIT)
Referees : Andrew Wilk and Dean Morton
Linesman : Brendan Lewis and Steve Miller
Game Note
No Game Note
Finance
Level 1 -- Attendance: 6469 (99.52%) -- Ticket Income $776,280
Level 2 -- Attendance: 5000 (100.00%) -- Ticket Income $425,000
Level 3 -- Attendance: 3387 (96.77%) -- Ticket Income $220,155
Level 4 -- Attendance: 2387 (100.00%) -- Ticket Income $107,415
Luxury Box -- Attendance: 867 (86.70%) -- Ticket Income $195,075
Game was played at the Consol Energy Center.
Total Attendance: 18110 (98.49%)
Total Ticket Income: $1,723,925
Other Income: $430,981
Total Income: $2,154,906



Team Name Goals Shots Shots Attemp Shots Blocked PIM HIT PP PK FO%
Devils 224431210260 / 2 (0%)146%
Penguins 6327264291 / 5 (20%)054%

Devils
Player Name POS G A P +/- PIM HIT SHT SB MP PP MP PP SHT PK MP PK SHT FO% FOT
Chris KreiderLW000-1036025:182:3405:55059% 17
Damon SeversonD000-2041423:551:5005:5900% 0
Dominik KubalikLW000002004:100:0000:0900% 0
Dougie HamiltonD011-1011026:412:0806:1610% 0
Dylan CozensC0000010013:090:0000:00050% 2
Erik GustafssonD000-2010323:341:5005:3800% 0
Evgeni MalkinC011-1011120:561:2413:40036% 25
Justin SchultzD0000030013:120:0001:0800% 0
Kyle OkposoRW000-102019:450:0000:0000% 0
Mathieu JosephRW000000004:010:0000:0000% 1
Matt BoldyLW011-1012017:161:2400:00050% 2
Mike HoffmanLW000-101219:450:0000:000100% 1
Mikhail SergachevD011-11030220:202:0800:0000% 0
Nicklas BackstromC000-100209:540:0000:09027% 11
Nino NiederreiterRW101-1012017:161:2410:0000% 0
Sam ReinhartC000-1001025:182:3405:55152% 27
Taylor RaddyshRW000000002:560:0000:00050% 4
Travis KonecnyRW101-1026022:542:3403:31050% 2
Penguins
Player Name POS G A P +/- PIM HIT SHT SB MP PP MP PP SHT PK MP PK SHT FO% FOT
Cole CaufieldRW0000001021:545:3600:0000% 1
Dylan LarkinC1342216020:023:5911:10047% 30
Jacob TroubaD1011033222:013:5531:5900% 0
Jeff PetryD0111021222:013:5511:5900% 0
Jesper BrattLW1010003021:545:3610:00050% 4
Josh AndersonRW1012275019:423:5910:5000% 0
Julien GauthierRW000002105:140:0000:0000% 1
Justin FaulkD0111031124:265:4001:5900% 0
Kevin FialaLW0222013018:533:5920:000100% 1
Logan O'ConnorRW1011012012:390:0002:38033% 3
MacKenzie WeegarD0111030013:330:0000:0000% 0
Mathew DumbaD1011033024:265:4021:5900% 0
Matt RoyD0001011113:330:0000:0000% 0
Nathan MacKinnonC0000001023:225:3601:28061% 33
Oskar LindblomLW0001021015:150:0000:0000% 0
Rem PitlickC000000005:440:0000:30060% 5
Rudolfs BalcersLW000000000:000:0000:0000% 0
Ryan PoehlingC0111000011:210:0001:20064% 14



Play-by-Play

1st period


0:01 of 1st period - Nathan MacKinnon wins face-off versus Sam Reinhart in neutral zone.
0:14 of 1st period - Off-side.
0:15 of 1st period - Dylan Larkin wins face-off versus Evgeni Malkin in neutral zone.
0:22 of 1st period - Shot by Kevin Fiala.
0:22 of 1st period - Shot Blocked by Evgeni Malkin.
0:24 of 1st period - Shot by Kevin Fiala.
0:24 of 1st period - Shot Misses the Net.
0:26 of 1st period - Shot by Josh Anderson.
0:26 of 1st period - Stopped by Andrei Vasilevskiy without a rebound.
0:27 of 1st period - Nicklas Backstrom wins face-off versus Ryan Poehling in Devils zone.
0:45 of 1st period - Off-side.
0:46 of 1st period - Sam Reinhart wins face-off versus Dylan Larkin in neutral zone.
0:46 of 1st period - Mikhail Sergachev is hit by Kevin Fiala and loses puck.
0:48 of 1st period - Minor Penalty to Dylan Larkin for Interference.
0:49 of 1st period - Sam Reinhart wins face-off versus Nathan MacKinnon in Penguins zone.
2:19 of 1st period - Shot by Damon Severson.
2:19 of 1st period - Shot Misses the Net.
2:21 of 1st period - Shot by Nino Niederreiter.
2:21 of 1st period - Stopped by Connor Hellebuyck without a rebound.
2:22 of 1st period - Ryan Poehling wins face-off versus Sam Reinhart in Penguins zone.
2:22 of 1st period - Ryan Poehling is hit by Chris Kreider.
2:31 of 1st period - Icing by Chris Kreider.
2:32 of 1st period - Sam Reinhart wins face-off versus Ryan Poehling in Devils zone.
2:48 of 1st period - Shot by Travis Konecny.
2:48 of 1st period - Goal by Travis Konecny - Devils : 1 - Penguins : 0.
2:49 of 1st period - Jesper Bratt wins face-off versus Evgeni Malkin in neutral zone.
3:55 of 1st period - Off-side.
3:56 of 1st period - Sam Reinhart wins face-off versus Dylan Larkin in neutral zone.
3:56 of 1st period - Sam Reinhart is hit by Josh Anderson.
4:06 of 1st period - Shot by Chris Kreider.
4:06 of 1st period - Stopped by Connor Hellebuyck without a rebound.
4:07 of 1st period - Ryan Poehling wins face-off versus Sam Reinhart in Penguins zone.
4:14 of 1st period - Sam Reinhart is hit by Oskar Lindblom and loses puck.
4:31 of 1st period - Shot by Justin Faulk.
4:31 of 1st period - Shot Misses the Net.
4:33 of 1st period - Shot by Mathew Dumba.
4:33 of 1st period - Shot Blocked by Mikhail Sergachev.
4:35 of 1st period - Shot by Ryan Poehling.
4:35 of 1st period - Shot Misses the Net.
4:41 of 1st period - Shot by Logan O'Connor.
4:41 of 1st period - Shot Misses the Net.
4:57 of 1st period - Justin Faulk is hit by Chris Kreider and loses puck.
5:34 of 1st period - Shot by Josh Anderson.
5:34 of 1st period - Stopped by Andrei Vasilevskiy without a rebound.
5:35 of 1st period - Taylor Raddysh wins face-off versus Jesper Bratt in Devils zone.
5:50 of 1st period - Shot by Mathieu Joseph.
5:50 of 1st period - Shot Blocked by Matt Roy.
6:40 of 1st period - Off-side.
6:41 of 1st period - Dylan Larkin wins face-off versus Evgeni Malkin in neutral zone.
6:57 of 1st period - Icing by Damon Severson.
6:58 of 1st period - Evgeni Malkin wins face-off versus Julien Gauthier in Devils zone.
7:52 of 1st period - Kevin Fiala is hit by Damon Severson.
8:08 of 1st period - Shot by Dylan Larkin.
8:08 of 1st period - Shot Misses the Net.
8:18 of 1st period - Shot by Josh Anderson.
8:18 of 1st period - Shot Misses the Net.
8:48 of 1st period - Shot by Nathan MacKinnon.
8:48 of 1st period - Shot Misses the Net.
8:50 of 1st period - Shot by Matt Roy.
8:50 of 1st period - Stopped by Andrei Vasilevskiy without a rebound.
8:51 of 1st period - Nathan MacKinnon wins face-off versus Nicklas Backstrom in Devils zone.
8:59 of 1st period - Icing by Dylan Cozens.
9:00 of 1st period - Nathan MacKinnon wins face-off versus Nicklas Backstrom in Devils zone.
9:38 of 1st period - Shot by Nathan MacKinnon.
9:38 of 1st period - Shot Blocked by Mike Hoffman.
10:01 of 1st period - Icing by Jeff Petry.
10:02 of 1st period - Ryan Poehling wins face-off versus Sam Reinhart in Penguins zone.
10:02 of 1st period - Ryan Poehling is hit by Travis Konecny.
10:20 of 1st period - Minor Penalty to Mikhail Sergachev for High sticking.
10:21 of 1st period - Dylan Larkin wins face-off versus Chris Kreider in Devils zone.
10:38 of 1st period - Shot by Jacob Trouba.
10:38 of 1st period - Shot Blocked by Damon Severson.
10:48 of 1st period - Shot by Jeff Petry.
10:48 of 1st period - Stopped by Andrei Vasilevskiy without a rebound.
10:49 of 1st period - Chris Kreider wins face-off versus Cole Caufield in Devils zone.
11:18 of 1st period - Shot by Justin Faulk.
11:18 of 1st period - Shot Misses the Net.
12:02 of 1st period - Shot by Evgeni Malkin.
12:02 of 1st period - Shot Misses the Net.
12:24 of 1st period - Matt Roy is hit by Mike Hoffman and loses puck.
13:00 of 1st period - Shot by Mike Hoffman.
13:00 of 1st period - Stopped by Connor Hellebuyck without a rebound.
13:01 of 1st period - Nathan MacKinnon wins face-off versus Evgeni Malkin in Penguins zone.
13:17 of 1st period - Shot by Evgeni Malkin.
13:17 of 1st period - Shot Misses the Net.
13:19 of 1st period - Shot by Mikhail Sergachev.
13:19 of 1st period - Shot Misses the Net.
13:21 of 1st period - Shot by Dougie Hamilton.
13:21 of 1st period - Shot Blocked by Justin Faulk.
13:46 of 1st period - Icing by Justin Faulk.
13:47 of 1st period - Sam Reinhart wins face-off versus Nathan MacKinnon in Penguins zone.
13:48 of 1st period - Shot by Chris Kreider.
13:48 of 1st period - Stopped by Connor Hellebuyck without a rebound.
13:49 of 1st period - Sam Reinhart wins face-off versus Dylan Larkin in Penguins zone.
14:05 of 1st period - Chris Kreider is hit by Josh Anderson and loses puck.
14:22 of 1st period - Shot by Chris Kreider.
14:22 of 1st period - Stopped by Connor Hellebuyck without a rebound.
14:23 of 1st period - Nicklas Backstrom wins face-off versus Ryan Poehling in Penguins zone.
14:23 of 1st period - Justin Schultz is hit by Justin Faulk and loses puck.
14:26 of 1st period - Shot by Nicklas Backstrom.
14:26 of 1st period - Stopped by Connor Hellebuyck with a rebound.
14:45 of 1st period - Nicklas Backstrom is hit by Mathew Dumba.
14:52 of 1st period - Mike Hoffman is hit by Justin Faulk and loses puck.
15:06 of 1st period - Kyle Okposo is hit by Mathew Dumba and loses puck.
15:43 of 1st period - Shot by Travis Konecny.
15:43 of 1st period - Shot Misses the Net.
15:51 of 1st period - Shot by Chris Kreider.
15:51 of 1st period - Stopped by Connor Hellebuyck without a rebound.
15:52 of 1st period - Nathan MacKinnon wins face-off versus Evgeni Malkin in Penguins zone.
16:27 of 1st period - Shot by Nathan MacKinnon.
16:27 of 1st period - Shot Misses the Net.
16:29 of 1st period - Shot by Nathan MacKinnon.
16:29 of 1st period - Shot Misses the Net.
16:31 of 1st period - Shot by Cole Caufield.
16:31 of 1st period - Shot Blocked by Erik Gustafsson.
17:20 of 1st period - Minor Penalty to Mikhail Sergachev for Tripping.
17:21 of 1st period - Chris Kreider wins face-off versus Nathan MacKinnon in Devils zone.
17:44 of 1st period - Shot by Cole Caufield.
17:44 of 1st period - Shot Misses the Net.
17:46 of 1st period - Shot by Justin Faulk.
17:46 of 1st period - Shot Misses the Net.
17:48 of 1st period - Shot by Mathew Dumba.
17:48 of 1st period - Stopped by Andrei Vasilevskiy without a rebound.
17:49 of 1st period - Dylan Larkin wins face-off versus Sam Reinhart in Devils zone.
18:04 of 1st period - Shot by Kevin Fiala.
18:04 of 1st period - Stopped by Andrei Vasilevskiy without a rebound.
18:05 of 1st period - Dylan Larkin wins face-off versus Chris Kreider in Devils zone.
18:44 of 1st period - Shot by Mathew Dumba.
18:44 of 1st period - Stopped by Andrei Vasilevskiy without a rebound.
18:45 of 1st period - Sam Reinhart wins face-off versus Nathan MacKinnon in Devils zone.
19:07 of 1st period - Off-side.
19:08 of 1st period - Chris Kreider wins face-off versus Nathan MacKinnon in neutral zone.
19:43 of 1st period - Off-side.
19:44 of 1st period - Dylan Larkin wins face-off versus Evgeni Malkin in neutral zone.
19:58 of 1st period - Shot by Dougie Hamilton.
19:58 of 1st period - Shot Misses the Net.
Goals for this period are 1 for Devils vs 0 for Penguins.
Shots for this period are 8 for Devils vs 7 for Penguins.

2nd period


0:01 of 2nd period - Nathan MacKinnon wins face-off versus Sam Reinhart in neutral zone.
0:01 of 2nd period - Nathan MacKinnon is hit by Chris Kreider.
0:07 of 2nd period - Shot by Jesper Bratt.
0:07 of 2nd period - Stopped by Andrei Vasilevskiy without a rebound.
0:07 of 2nd period - Minor Penalty to Mikhail Sergachev for Hooking.
0:08 of 2nd period - Nathan MacKinnon wins face-off versus Chris Kreider in Devils zone.
0:20 of 2nd period - Icing by Mathew Dumba.
0:21 of 2nd period - Nathan MacKinnon wins face-off versus Chris Kreider in Penguins zone.
1:17 of 2nd period - Icing by Jacob Trouba.
1:18 of 2nd period - Evgeni Malkin wins face-off versus Dylan Larkin in Penguins zone.
1:52 of 2nd period - Shot by Dylan Larkin.
1:52 of 2nd period - Stopped by Andrei Vasilevskiy without a rebound.
1:53 of 2nd period - Chris Kreider wins face-off versus Nathan MacKinnon in Devils zone.
2:10 of 2nd period - Shot by Julien Gauthier.
2:10 of 2nd period - Stopped by Andrei Vasilevskiy without a rebound.
2:11 of 2nd period - Logan O'Connor wins face-off versus Nicklas Backstrom in Devils zone.
2:11 of 2nd period - Logan O'Connor is hit by Justin Schultz.
3:09 of 2nd period - Damon Severson is hit by Oskar Lindblom.
3:18 of 2nd period - Sam Reinhart is hit by MacKenzie Weegar and loses puck.
3:26 of 2nd period - Sam Reinhart is hit by MacKenzie Weegar.
3:33 of 2nd period - Chris Kreider is hit by MacKenzie Weegar and loses puck.
3:38 of 2nd period - Shot by Travis Konecny.
3:38 of 2nd period - Stopped by Connor Hellebuyck without a rebound.
3:39 of 2nd period - Nathan MacKinnon wins face-off versus Matt Boldy in Penguins zone.
3:39 of 2nd period - Justin Faulk is hit by Nino Niederreiter and loses puck.
4:32 of 2nd period - Off-side.
4:33 of 2nd period - Dylan Larkin wins face-off versus Sam Reinhart in neutral zone.
4:37 of 2nd period - Jeff Petry is hit by Damon Severson and loses puck.
4:46 of 2nd period - Shot by Kevin Fiala.
4:46 of 2nd period - Shot Blocked by Damon Severson.
4:53 of 2nd period - Off-side.
4:54 of 2nd period - Rem Pitlick wins face-off versus Mathieu Joseph in neutral zone.
5:47 of 2nd period - Shot by Travis Konecny.
5:47 of 2nd period - Stopped by Connor Hellebuyck without a rebound.
5:48 of 2nd period - Travis Konecny wins face-off versus Jesper Bratt in Penguins zone.
6:42 of 2nd period - Dougie Hamilton is hit by Matt Roy and loses puck.
6:59 of 2nd period - Shot by Dylan Larkin.
6:59 of 2nd period - Goal by Dylan Larkin - Devils : 1 - Penguins : 1.
7:00 of 2nd period - Evgeni Malkin wins face-off versus Rem Pitlick in neutral zone.
7:05 of 2nd period - Jacob Trouba is hit by Matt Boldy.
7:43 of 2nd period - Shot by Nino Niederreiter.
7:43 of 2nd period - Shot Blocked by Jacob Trouba.
8:26 of 2nd period - Shot by Mike Hoffman.
8:26 of 2nd period - Stopped by Connor Hellebuyck with a rebound.
8:28 of 2nd period - Shot by Nicklas Backstrom.
8:28 of 2nd period - Stopped by Connor Hellebuyck without a rebound.
8:29 of 2nd period - Sam Reinhart wins face-off versus Dylan Larkin in Penguins zone.
8:29 of 2nd period - Sam Reinhart is hit by Justin Faulk.
8:50 of 2nd period - Icing by Mikhail Sergachev.
8:51 of 2nd period - Nathan MacKinnon wins face-off versus Sam Reinhart in Devils zone.
8:52 of 2nd period - Shot by Cole Caufield.
8:52 of 2nd period - Shot Misses the Net.
9:29 of 2nd period - Shot by Nathan MacKinnon.
9:29 of 2nd period - Shot Misses the Net.
9:44 of 2nd period - Icing by Nathan MacKinnon.
9:45 of 2nd period - Evgeni Malkin wins face-off versus Nathan MacKinnon in Penguins zone.
9:48 of 2nd period - Shot by Matt Boldy.
9:48 of 2nd period - Stopped by Connor Hellebuyck without a rebound.
9:49 of 2nd period - Matt Boldy wins face-off versus Dylan Larkin in Penguins zone.
9:49 of 2nd period - Nino Niederreiter is hit by Mathew Dumba and loses puck.
10:18 of 2nd period - Shot by Nino Niederreiter.
10:18 of 2nd period - Goal by Nino Niederreiter - Devils : 2 - Penguins : 1.
10:19 of 2nd period - Mike Hoffman wins face-off versus Logan O'Connor in neutral zone.
11:55 of 2nd period - Minor Penalty to Mikhail Sergachev for Slashing.
11:56 of 2nd period - Nathan MacKinnon wins face-off versus Chris Kreider in Devils zone.
11:57 of 2nd period - Shot by Cole Caufield.
11:57 of 2nd period - Shot Misses the Net.
11:59 of 2nd period - Shot by Mathew Dumba.
11:59 of 2nd period - Shot Misses the Net.
12:09 of 2nd period - Shot by Jesper Bratt.
12:09 of 2nd period - Stopped by Andrei Vasilevskiy without a rebound.
12:10 of 2nd period - Nathan MacKinnon wins face-off versus Evgeni Malkin in Devils zone.
12:15 of 2nd period - Shot by Nathan MacKinnon.
12:15 of 2nd period - Shot Misses the Net.
12:17 of 2nd period - Shot by Jeff Petry.
12:17 of 2nd period - Shot Misses the Net.
12:35 of 2nd period - Shot by Jacob Trouba.
12:35 of 2nd period - Shot Blocked by Damon Severson.
12:37 of 2nd period - Shot by Jacob Trouba.
12:37 of 2nd period - Shot Blocked by Damon Severson.
13:23 of 2nd period - Shot by Kevin Fiala.
13:23 of 2nd period - Stopped by Andrei Vasilevskiy without a rebound.
13:24 of 2nd period - Chris Kreider wins face-off versus Dylan Larkin in Devils zone.
13:30 of 2nd period - Icing by Dylan Larkin.
13:31 of 2nd period - Chris Kreider wins face-off versus Dylan Larkin in Penguins zone.
13:35 of 2nd period - Icing by Josh Anderson.
13:36 of 2nd period - Chris Kreider wins face-off versus Dylan Larkin in Penguins zone.
13:37 of 2nd period - Shot by Sam Reinhart.
13:37 of 2nd period - Stopped by Connor Hellebuyck with a rebound.
13:39 of 2nd period - Shot by Dougie Hamilton.
13:39 of 2nd period - Stopped by Connor Hellebuyck without a rebound.
13:40 of 2nd period - Jesper Bratt wins face-off versus Chris Kreider in Penguins zone.
13:42 of 2nd period - Icing by Nathan MacKinnon.
13:43 of 2nd period - Chris Kreider wins face-off versus Nathan MacKinnon in Penguins zone.
13:56 of 2nd period - Shot by Mathew Dumba.
13:56 of 2nd period - Shot Blocked by Kyle Okposo.
14:07 of 2nd period - Kevin Fiala is hit by Justin Schultz.
14:13 of 2nd period - Shot by Josh Anderson.
14:13 of 2nd period - Stopped by Andrei Vasilevskiy without a rebound.
14:14 of 2nd period - Evgeni Malkin wins face-off versus Nathan MacKinnon in Devils zone.
14:21 of 2nd period - Shot by Evgeni Malkin.
14:21 of 2nd period - Shot Misses the Net.
14:23 of 2nd period - Shot by Matt Boldy.
14:23 of 2nd period - Shot Blocked by Jacob Trouba.
14:25 of 2nd period - Shot by Nino Niederreiter.
14:25 of 2nd period - Shot Misses the Net.
14:49 of 2nd period - Shot by Nino Niederreiter.
14:49 of 2nd period - Shot Blocked by Jeff Petry.
14:57 of 2nd period - Shot by Evgeni Malkin.
14:57 of 2nd period - Shot Blocked by Jeff Petry.
15:34 of 2nd period - Shot by Josh Anderson.
15:34 of 2nd period - Shot Misses the Net.
15:54 of 2nd period - Josh Anderson is hit by Erik Gustafsson and loses puck.
16:24 of 2nd period - Off-side.
16:25 of 2nd period - Rem Pitlick wins face-off versus Nicklas Backstrom in neutral zone.
16:34 of 2nd period - Shot by Oskar Lindblom.
16:34 of 2nd period - Shot Misses the Net.
17:21 of 2nd period - Shot by Nathan MacKinnon.
17:21 of 2nd period - Stopped by Andrei Vasilevskiy without a rebound.
17:22 of 2nd period - Evgeni Malkin wins face-off versus Dylan Larkin in Devils zone.
17:22 of 2nd period - Evgeni Malkin is hit by Josh Anderson.
17:25 of 2nd period - Nino Niederreiter is hit by Dylan Larkin.
18:05 of 2nd period - Minor Penalty to Josh Anderson for Holding.
18:06 of 2nd period - Sam Reinhart wins face-off versus Dylan Larkin in Penguins zone.
18:57 of 2nd period - Icing by Damon Severson.
18:58 of 2nd period - Dylan Larkin wins face-off versus Sam Reinhart in Devils zone.
19:06 of 2nd period - Dylan Larkin is hit by Damon Severson and loses puck.
19:21 of 2nd period - Shot by Mikhail Sergachev.
19:21 of 2nd period - Shot Misses the Net.
19:35 of 2nd period - Shot by Evgeni Malkin.
19:35 of 2nd period - Stopped by Connor Hellebuyck without a rebound.
19:36 of 2nd period - Evgeni Malkin wins face-off versus Ryan Poehling in Penguins zone.
19:36 of 2nd period - Evgeni Malkin is hit by Jeff Petry.
19:51 of 2nd period - Nino Niederreiter is hit by Jacob Trouba and loses puck.
Goals for this period are 1 for Devils vs 1 for Penguins.
Shots for this period are 9 for Devils vs 8 for Penguins.

3rd period


0:01 of 3rd period - Dylan Larkin wins face-off versus Sam Reinhart in neutral zone.
0:43 of 3rd period - Icing by Jesper Bratt.
0:44 of 3rd period - Sam Reinhart wins face-off versus Nathan MacKinnon in Penguins zone.
0:44 of 3rd period - Chris Kreider is hit by Jacob Trouba and loses puck.
0:52 of 3rd period - Chris Kreider is hit by Jeff Petry and loses puck.
1:01 of 3rd period - Shot by Chris Kreider.
1:01 of 3rd period - Stopped by Connor Hellebuyck without a rebound.
1:02 of 3rd period - Kevin Fiala wins face-off versus Taylor Raddysh in Penguins zone.
1:04 of 3rd period - Dylan Larkin is hit by Dominik Kubalik and loses puck.
1:11 of 3rd period - Shot by Dylan Larkin.
1:11 of 3rd period - Stopped by Andrei Vasilevskiy with a rebound.
1:13 of 3rd period - Shot by Kevin Fiala.
1:13 of 3rd period - Shot Misses the Net.
1:15 of 3rd period - Shot by Mathew Dumba.
1:15 of 3rd period - Goal by Mathew Dumba - Devils : 2 - Penguins : 2.
1:16 of 3rd period - Ryan Poehling wins face-off versus Sam Reinhart in neutral zone.
1:20 of 3rd period - MacKenzie Weegar is hit by Mikhail Sergachev and loses puck.
1:34 of 3rd period - Ryan Poehling is hit by Mikhail Sergachev and loses puck.
1:40 of 3rd period - Minor Penalty to Mikhail Sergachev for Hooking.
1:41 of 3rd period - Chris Kreider wins face-off versus Nathan MacKinnon in Devils zone.
2:17 of 3rd period - Icing by Justin Faulk.
2:18 of 3rd period - Nathan MacKinnon wins face-off versus Evgeni Malkin in Penguins zone.
3:09 of 3rd period - Shot by Jacob Trouba.
3:09 of 3rd period - Stopped by Andrei Vasilevskiy without a rebound.
3:10 of 3rd period - Dylan Larkin wins face-off versus Evgeni Malkin in Devils zone.
3:11 of 3rd period - Shot by Josh Anderson.
3:11 of 3rd period - Stopped by Andrei Vasilevskiy without a rebound.
3:12 of 3rd period - Dylan Larkin wins face-off versus Evgeni Malkin in Devils zone.
3:13 of 3rd period - Shot by Jacob Trouba.
3:13 of 3rd period - Shot Blocked by Erik Gustafsson.
3:15 of 3rd period - Shot by Dylan Larkin.
3:15 of 3rd period - Shot Misses the Net.
3:17 of 3rd period - Shot by Jacob Trouba.
3:17 of 3rd period - Stopped by Andrei Vasilevskiy without a rebound.
3:18 of 3rd period - Dylan Larkin wins face-off versus Chris Kreider in Devils zone.
3:19 of 3rd period - Shot by Jacob Trouba.
3:19 of 3rd period - Goal by Jacob Trouba - Devils : 2 - Penguins : 3.
3:20 of 3rd period - Evgeni Malkin wins face-off versus Dylan Larkin in neutral zone.
3:47 of 3rd period - Shot by Matt Boldy.
3:47 of 3rd period - Stopped by Connor Hellebuyck with a rebound.
3:49 of 3rd period - Shot by Nino Niederreiter.
3:49 of 3rd period - Shot Misses the Net.
4:28 of 3rd period - Dylan Larkin is hit by Travis Konecny and loses puck.
4:50 of 3rd period - Shot by Chris Kreider.
4:50 of 3rd period - Stopped by Connor Hellebuyck without a rebound.
4:51 of 3rd period - Nathan MacKinnon wins face-off versus Nicklas Backstrom in Penguins zone.
5:02 of 3rd period - Shot by Mathew Dumba.
5:02 of 3rd period - Shot Misses the Net.
5:04 of 3rd period - Shot by Cole Caufield.
5:04 of 3rd period - Stopped by Andrei Vasilevskiy without a rebound.
5:05 of 3rd period - Ryan Poehling wins face-off versus Dylan Cozens in Devils zone.
5:20 of 3rd period - Shot by Mathieu Joseph.
5:20 of 3rd period - Shot Misses the Net.
5:49 of 3rd period - Icing by MacKenzie Weegar.
5:50 of 3rd period - Sam Reinhart wins face-off versus Logan O'Connor in Penguins zone.
5:51 of 3rd period - Shot by Travis Konecny.
5:51 of 3rd period - Stopped by Connor Hellebuyck with a rebound.
5:56 of 3rd period - Icing by Ryan Poehling.
5:57 of 3rd period - Ryan Poehling wins face-off versus Sam Reinhart in Penguins zone.
6:14 of 3rd period - Shot by Travis Konecny.
6:14 of 3rd period - Stopped by Connor Hellebuyck without a rebound.
6:15 of 3rd period - Nathan MacKinnon wins face-off versus Evgeni Malkin in Penguins zone.
6:17 of 3rd period - Icing by Jesper Bratt.
6:18 of 3rd period - Chris Kreider wins face-off versus Nathan MacKinnon in Penguins zone.
6:54 of 3rd period - Icing by Mathew Dumba.
6:55 of 3rd period - Nathan MacKinnon wins face-off versus Evgeni Malkin in Penguins zone.
6:55 of 3rd period - Nathan MacKinnon is hit by Evgeni Malkin.
7:27 of 3rd period - Shot by Damon Severson.
7:27 of 3rd period - Stopped by Connor Hellebuyck without a rebound.
7:28 of 3rd period - Dylan Larkin wins face-off versus Nicklas Backstrom in Penguins zone.
7:28 of 3rd period - Dylan Larkin is hit by Kyle Okposo.
7:44 of 3rd period - Shot by Dylan Larkin.
7:44 of 3rd period - Stopped by Andrei Vasilevskiy without a rebound.
7:45 of 3rd period - Ryan Poehling wins face-off versus Travis Konecny in Devils zone.
7:48 of 3rd period - Shot by Logan O'Connor.
7:48 of 3rd period - Stopped by Andrei Vasilevskiy without a rebound.
7:49 of 3rd period - Sam Reinhart wins face-off versus Dylan Larkin in Devils zone.
8:05 of 3rd period - Travis Konecny is hit by Josh Anderson and loses puck.
8:18 of 3rd period - Shot by Kevin Fiala.
8:18 of 3rd period - Stopped by Andrei Vasilevskiy without a rebound.
8:19 of 3rd period - Evgeni Malkin wins face-off versus Nathan MacKinnon in Devils zone.
8:21 of 3rd period - Icing by Matt Boldy.
8:22 of 3rd period - Nathan MacKinnon wins face-off versus Evgeni Malkin in Devils zone.
8:31 of 3rd period - Shot by Cole Caufield.
8:31 of 3rd period - Shot Misses the Net.
8:46 of 3rd period - Nathan MacKinnon is hit by Damon Severson and loses puck.
9:39 of 3rd period - Dylan Larkin is hit by Mikhail Sergachev and loses puck.
10:11 of 3rd period - Shot by Josh Anderson.
10:11 of 3rd period - Shot Misses the Net.
11:18 of 3rd period - Icing by MacKenzie Weegar.
11:19 of 3rd period - Ryan Poehling wins face-off versus Nicklas Backstrom in Penguins zone.
11:45 of 3rd period - Shot by Jesper Bratt.
11:45 of 3rd period - Goal by Jesper Bratt - Devils : 2 - Penguins : 4.
11:46 of 3rd period - Dylan Larkin wins face-off versus Evgeni Malkin in neutral zone.
11:53 of 3rd period - Shot by Josh Anderson.
11:53 of 3rd period - Shot Hit the Post.
13:37 of 3rd period - Shot by Nicklas Backstrom.
13:37 of 3rd period - Shot Misses the Net.
13:57 of 3rd period - MacKenzie Weegar is hit by Kyle Okposo.
14:04 of 3rd period - Icing by Mike Hoffman.
14:05 of 3rd period - Nicklas Backstrom wins face-off versus Dylan Larkin in Devils zone.
14:05 of 3rd period - Nicklas Backstrom is hit by Josh Anderson.
14:36 of 3rd period - Kevin Fiala is hit by Dougie Hamilton and loses puck.
14:39 of 3rd period - Shot by Kevin Fiala.
14:39 of 3rd period - Shot Blocked by Mikhail Sergachev.
14:43 of 3rd period - Shot by Dylan Larkin.
14:43 of 3rd period - Stopped by Andrei Vasilevskiy without a rebound.
14:44 of 3rd period - Taylor Raddysh wins face-off versus Rem Pitlick in Devils zone.
14:50 of 3rd period - Dominik Kubalik is hit by Julien Gauthier and loses puck.
14:54 of 3rd period - Off-side.
14:55 of 3rd period - Ryan Poehling wins face-off versus Evgeni Malkin in neutral zone.
15:06 of 3rd period - Shot by Logan O'Connor.
15:06 of 3rd period - Goal by Logan O'Connor - Devils : 2 - Penguins : 5.
15:07 of 3rd period - Nathan MacKinnon wins face-off versus Sam Reinhart in neutral zone.
15:17 of 3rd period - Nathan MacKinnon is hit by Justin Schultz.
15:22 of 3rd period - Nathan MacKinnon is hit by Dylan Cozens and loses puck.
15:36 of 3rd period - Icing by Nathan MacKinnon.
15:37 of 3rd period - Nathan MacKinnon wins face-off versus Evgeni Malkin in Penguins zone.
16:49 of 3rd period - Shot by Kevin Fiala.
16:49 of 3rd period - Shot Misses the Net.
16:51 of 3rd period - Shot by Dylan Larkin.
16:51 of 3rd period - Shot Blocked by Erik Gustafsson.
16:53 of 3rd period - Shot by Jeff Petry.
16:53 of 3rd period - Shot Misses the Net.
16:55 of 3rd period - Shot by Josh Anderson.
16:55 of 3rd period - Goal by Josh Anderson - Devils : 2 - Penguins : 6.
16:56 of 3rd period - Rem Pitlick wins face-off versus Nicklas Backstrom in neutral zone.
16:59 of 3rd period - Dylan Cozens is hit by Julien Gauthier.
17:31 of 3rd period - Shot by Oskar Lindblom.
17:31 of 3rd period - Stopped by Andrei Vasilevskiy without a rebound.
17:32 of 3rd period - Sam Reinhart wins face-off versus Dylan Larkin in Devils zone.
17:37 of 3rd period - Shot by Dylan Larkin.
17:37 of 3rd period - Stopped by Andrei Vasilevskiy with a rebound.
17:44 of 3rd period - Mikhail Sergachev is hit by Jacob Trouba and loses puck.
18:00 of 3rd period - Shot by Chris Kreider.
18:00 of 3rd period - Shot Misses the Net.
18:11 of 3rd period - Icing by Mikhail Sergachev.
18:12 of 3rd period - Sam Reinhart wins face-off versus Ryan Poehling in Devils zone.
18:26 of 3rd period - Shot by Travis Konecny.
18:26 of 3rd period - Stopped by Connor Hellebuyck with a rebound.
18:52 of 3rd period - Erik Gustafsson is hit by Logan O'Connor and loses puck.
19:32 of 3rd period - Icing by Nathan MacKinnon.
19:33 of 3rd period - Nathan MacKinnon wins face-off versus Taylor Raddysh in Penguins zone.
19:33 of 3rd period - Nathan MacKinnon is hit by Dominik Kubalik.
19:39 of 3rd period - Shot by Justin Faulk.
19:39 of 3rd period - Stopped by Andrei Vasilevskiy without a rebound.
19:40 of 3rd period - Dylan Cozens wins face-off versus Dylan Larkin in Devils zone.
19:40 of 3rd period - Dylan Cozens is hit by Josh Anderson.
19:52 of 3rd period - Mathieu Joseph is hit by Josh Anderson and loses puck.
Goals for this period are 0 for Devils vs 5 for Penguins.
Shots for this period are 7 for Devils vs 17 for Penguins.